TOP OF THE 1ST |
New Orleans Looters batting - Pitching for Irvine Gang Green : RHP Takehide Ono
|
Pitching: RHP Takehide Ono
|
|
Batting: RHB Rich Ruffin
|
0-0: Ball 1-0: Ball 2-0: DOUBLE (Flyball, 7LD)
|
Batting: RHB Dave O'Loan
|
0-0: Ball 1-0: Fly out, F7 (Flyball, 7D) Runner from 2nd tags up, SAFE at 3rd, no throw
|
Batting: SHB Zach Franks
|
0-0: Called Strike 0-1: Called Strike 0-2: Ball 1-2: Foul Ball, location: 2F 1-2: Strikes out swinging
|
Batting: LHB Taylor Smith
|
0-0: Foul Ball, location: 2F 0-1: Ball 1-1: Ground out 3-1 (Groundball, 34)
|
Top of the 1st over - 0 run(s), 1 hit(s), 0 error(s), 1 left on base; New Orleans 0 - Irvine 0 |
BOTTOM OF THE 1ST |
Irvine Gang Green batting - Pitching for New Orleans Looters : RHP Marty Bradford
|
Pitching: RHP Marty Bradford
|
|
Batting: LHB Tony Tavárez
|
0-0: Bunt missed! 0-1: Fly out, F8 (Flyball, 8LM)
|
Batting: RHB Tom Doherty
|
0-0: Foul Ball, location: 2F 0-1: Ball 1-1: Ground out 6-3 (Groundball, 6)
|
Batting: LHB Tom Baker
|
0-0: Ball 1-0: Called Strike 1-1: Ball 2-1: Foul Ball, location: 2F 2-2: Fly out, F9 (Flyball, 9M)
|
Bottom of the 1st over - 0 run(s), 0 hit(s), 0 error(s), 0 left on base; New Orleans 0 - Irvine 0 |
TOP OF THE 2ND |
New Orleans Looters batting - Pitching for Irvine Gang Green : RHP Takehide Ono
|
Batting: RHB Francisco Ibarra
|
0-0: Ball 1-0: Called Strike 1-1: Foul Ball, location: 2F 1-2: Strikes out swinging
|
Batting: LHB Justino Salas
|
0-0: Fly out, F7 (Popup, 78S)
|
Batting: LHB Luis Sánchez
|
0-0: Ball 1-0: Ball 2-0: Foul Ball, location: 2F 2-1: Called Strike 2-2: Foul Ball, location: 2F 2-2: Ball 3-2: Strikes out swinging
|
Top of the 2nd over - 0 run(s), 0 hit(s), 0 error(s), 0 left on base; New Orleans 0 - Irvine 0 |
BOTTOM OF THE 2ND |
Irvine Gang Green batting - Pitching for New Orleans Looters : RHP Marty Bradford
|
Batting: LHB Víctor Quiñones
|
0-0: Ball 1-0: Ball 2-0: Ground out 6-3 (Groundball, 6)
|
Batting: LHB Leonardo Medina
|
0-0: Ball 1-0: Called Strike 1-1: DOUBLE (Flyball, 8RXD)
|
Batting: RHB José Salazar
|
0-0: Ball 1-0: Called Strike 1-1: Ball 2-1: SINGLE (Groundball, 6MD) Leonardo Medina to third Runner from 3rd tries for Home, SAFE, no throw or cutoff
|
Batting: RHB Aaron Wilson
|
0-0: Called Strike 0-1: Ball 1-1: Ball 2-1: Foul Ball, location: 2F 2-2: Strikes out swinging
|
Batting: LHB Bill Murphy
|
0-0: Called Strike 0-1: Fly out, F8 (Flyball, 8LM)
|
Bottom of the 2nd over - 1 run(s), 2 hit(s), 0 error(s), 1 left on base; New Orleans 0 - Irvine 1 |
TOP OF THE 3RD |
New Orleans Looters batting - Pitching for Irvine Gang Green : RHP Takehide Ono
|
Batting: RHB José Mora
|
0-0: Called Strike 0-1: Fly out, F8 (Flyball, 8LD)
|
Batting: RHB John Anderson
|
0-0: Ball 1-0: Ground out 4-3 (Groundball, 4)
|
Batting: RHB Rich Ruffin
|
0-0: Called Strike 0-1: Foul Ball, location: 2F 0-2: Ball 1-2: Ball 2-2: Foul Ball, location: 2F 2-2: Strikes out swinging
|
Top of the 3rd over - 0 run(s), 0 hit(s), 0 error(s), 0 left on base; New Orleans 0 - Irvine 1 |
BOTTOM OF THE 3RD |
Irvine Gang Green batting - Pitching for New Orleans Looters : RHP Marty Bradford
|
Batting: RHB Eichiro Yamamoto
|
0-0: Fly out, F7 (Flyball, 7M)
|
Batting: LHB Tony Tavárez
|
0-0: Ball 1-0: Ball 2-0: Ball 3-0: Called Strike 3-1: Base on Balls
|
Batting: RHB Tom Doherty
|
0-0: Ball 1-0: Ground out 5-3 (Groundball, 15S) Tony Tavárez to second
|
Batting: LHB Tom Baker
|
0-0: Ball 1-0: Ball 2-0: Ball 3-0: Called Strike 3-1: Ground out 4-3 (Groundball, 4)
|
Bottom of the 3rd over - 0 run(s), 0 hit(s), 0 error(s), 1 left on base; New Orleans 0 - Irvine 1 |
TOP OF THE 4TH |
New Orleans Looters batting - Pitching for Irvine Gang Green : RHP Takehide Ono
|
Batting: RHB Dave O'Loan
|
0-0: Foul Ball, location: 2F 0-1: Called Strike 0-2: Ball 1-2: Strikes out looking
|
Batting: SHB Zach Franks
|
0-0: Called Strike 0-1: Foul Ball, location: 2F 0-2: Strikes out swinging
|
Batting: LHB Taylor Smith
|
0-0: Foul Ball, location: 2F 0-1: Swinging Strike 0-2: Strikes out swinging
|
Top of the 4th over - 0 run(s), 0 hit(s), 0 error(s), 0 left on base; New Orleans 0 - Irvine 1 |
BOTTOM OF THE 4TH |
Irvine Gang Green batting - Pitching for New Orleans Looters : RHP Marty Bradford
|
Batting: LHB Víctor Quiñones
|
0-0: Ball 1-0: Ball 2-0: Ball 3-0: Base on Balls
|
Batting: LHB Leonardo Medina
|
0-0: Foul Ball, location: 2F 0-1: Foul Ball, location: 2F 0-2: Ball 1-2: Ball 2-2: Strikes out swinging
|
Batting: RHB José Salazar
|
0-0: Ball 1-0: Ball 2-0: Called Strike 2-1: Ball 3-1: Called Strike 3-2: Foul Ball, location: 2F 3-2: Foul Ball, location: 2F 3-2: Base on Balls Víctor Quiñones to second
|
Batting: RHB Aaron Wilson
|
0-0: Foul Ball, location: 2F 0-1: Grounds into double play, 4-6-3 (Groundball, 4)
|
Bottom of the 4th over - 0 run(s), 0 hit(s), 0 error(s), 1 left on base; New Orleans 0 - Irvine 1 |
TOP OF THE 5TH |
New Orleans Looters batting - Pitching for Irvine Gang Green : RHP Takehide Ono
|
Batting: RHB Francisco Ibarra
|
0-0: Called Strike 0-1: Called Strike 0-2: Ball 1-2: Strikes out swinging
|
Batting: LHB Justino Salas
|
0-0: Ball 1-0: Swinging Strike 1-1: Foul Ball, location: 2F 1-2: Strikes out swinging
|
Batting: LHB Luis Sánchez
|
0-0: Called Strike 0-1: Ball 1-1: Foul Ball, location: 2F 1-2: Foul Ball, location: 2F 1-2: Strikes out swinging
|
Top of the 5th over - 0 run(s), 0 hit(s), 0 error(s), 0 left on base; New Orleans 0 - Irvine 1 |
BOTTOM OF THE 5TH |
Irvine Gang Green batting - Pitching for New Orleans Looters : RHP Marty Bradford
|
Batting: LHB Bill Murphy
|
0-0: Swinging Strike 0-1: Swinging Strike 0-2: Foul Ball, location: 2F 0-2: Ball 1-2: Ball 2-2: Strikes out swinging
|
Batting: RHB Eichiro Yamamoto
|
0-0: Ball 1-0: SINGLE (Line Drive, 3)
|
Batting: LHB Tony Tavárez
|
0-0: Ball 1-0: Ball 2-0: TRIPLE (Flyball, 7LM) Eichiro Yamamoto scores
|
Batting: RHB Tom Doherty
|
0-0: Swinging Strike 0-1: Ground out 5-3 (Groundball, 5L)
|
Batting: LHB Tom Baker
|
0-0: Ball 1-0: Ground out 4-3 (Groundball, 34)
|
Bottom of the 5th over - 1 run(s), 2 hit(s), 0 error(s), 1 left on base; New Orleans 0 - Irvine 2 |
TOP OF THE 6TH |
New Orleans Looters batting - Pitching for Irvine Gang Green : RHP Takehide Ono
|
Batting: RHB José Mora
|
0-0: Ball 1-0: DOUBLE (Line Drive, 78XD)
|
Batting: RHB John Anderson
|
0-0: Ground out 5-3 (Groundball, 5)
|
Batting: RHB Rich Ruffin
|
0-0: Ball 1-0: Foul Ball, location: 2F 1-1: Foul Ball, location: 2F 1-2: Strikes out swinging
|
Batting: RHB Dave O'Loan
|
0-0: Swinging Strike 0-1: Swinging Strike 0-2: Strikes out swinging
|
Top of the 6th over - 0 run(s), 1 hit(s), 0 error(s), 1 left on base; New Orleans 0 - Irvine 2 |
BOTTOM OF THE 6TH |
Irvine Gang Green batting - Pitching for New Orleans Looters : RHP Marty Bradford
|
Batting: LHB Víctor Quiñones
|
0-0: Foul Ball, location: 2F 0-1: Ball 1-1: Ball 2-1: Ball 3-1: Fly out, F7 (Flyball, 7M)
|
Batting: LHB Leonardo Medina
|
0-0: Ball 1-0: Foul Ball, location: 2F 1-1: Foul Ball, location: 2F 1-2: Fly out, F9 (Flyball, 89D)
|
Batting: RHB José Salazar
|
0-0: Ball 1-0: Called Strike 1-1: Foul Ball, location: 2F 1-2: Ball 2-2: Ball 3-2: Base on Balls
|
Batting: RHB Aaron Wilson
|
0-0: Ground out 4-3 (Groundball, 4)
|
Bottom of the 6th over - 0 run(s), 0 hit(s), 0 error(s), 1 left on base; New Orleans 0 - Irvine 2 |
TOP OF THE 7TH |
New Orleans Looters batting - Pitching for Irvine Gang Green : RHP Takehide Ono
|
Batting: SHB Zach Franks
|
0-0: Fly out, F4 (Line Drive, 4)
|
Batting: LHB Taylor Smith
|
0-0: Called Strike 0-1: Ball 1-1: Called Strike 1-2: Fly out, F5 (Line Drive, 5S)
|
Batting: RHB Francisco Ibarra
|
0-0: Ball 1-0: Foul Ball, location: 2F 1-1: Called Strike 1-2: Ball 2-2: Foul Ball, location: 2F 2-2: Strikes out swinging
|
Top of the 7th over - 0 run(s), 0 hit(s), 0 error(s), 0 left on base; New Orleans 0 - Irvine 2 |
BOTTOM OF THE 7TH |
Irvine Gang Green batting - Pitching for New Orleans Looters : RHP Marty Bradford
|
Pitching: RHP Roy March
|
|
Batting: LHB Bill Murphy
|
0-0: Swinging Strike 0-1: Ball 1-1: Ball 2-1: Called Strike 2-2: Foul Ball, location: 2F 2-2: SINGLE (Groundball, 34)
|
Batting: RHB Eichiro Yamamoto
|
0-0: Sac Bunt - play at first, batter OUT! 3-4 Bill Murphy to second
|
Batting: LHB Tony Tavárez
|
0-0: Swinging Strike 0-1: Reached on error, E1 (Groundball, 15S) Bill Murphy scores
|
Batting: RHB Tom Doherty
|
0-0: Ground out 6-3 (Groundball, 6) Tony Tavárez to third
|
Batting: LHB Tom Baker
|
0-0: Called Strike 0-1: Ball 1-1: Swinging Strike 1-2: Strikes out swinging
|
Bottom of the 7th over - 1 run(s), 1 hit(s), 1 error(s), 1 left on base; New Orleans 0 - Irvine 3 |
TOP OF THE 8TH |
New Orleans Looters batting - Pitching for Irvine Gang Green : RHP Takehide Ono
|
Batting: LHB Justino Salas
|
0-0: Ball 1-0: Foul Ball, location: 2F 1-1: Ball 2-1: Called Strike 2-2: Ball 3-2: Fly out, F9 (Line Drive, 9M)
|
Batting: LHB Luis Sánchez
|
0-0: Fly out, F2 (Popup, 23F)
|
Batting: RHB José Mora
|
0-0: Ball 1-0: Called Strike 1-1: Ball 2-1: Ground out 4-3 (Groundball, 4)
|
Top of the 8th over - 0 run(s), 0 hit(s), 0 error(s), 0 left on base; New Orleans 0 - Irvine 3 |
BOTTOM OF THE 8TH |
Irvine Gang Green batting - Pitching for New Orleans Looters : RHP Roy March
|
Batting: LHB Víctor Quiñones
|
0-0: Called Strike 0-1: Called Strike 0-2: Ball 1-2: Ball 2-2: Ball 3-2: Foul Ball, location: 2F 3-2: Ground out 4-3 (Groundball, 4)
|
Batting: LHB Leonardo Medina
|
0-0: Ground out 5-3 (Groundball, 56)
|
Batting: RHB José Salazar
|
0-0: Ground out 6-3 (Groundball, 6)
|
Bottom of the 8th over - 0 run(s), 0 hit(s), 0 error(s), 0 left on base; New Orleans 0 - Irvine 3 |
TOP OF THE 9TH |
New Orleans Looters batting - Pitching for Irvine Gang Green : RHP Takehide Ono
|
Pitching: RHP Mike Fisher
|
|
Batting: RHB John Anderson
|
0-0: Called Strike 0-1: Ground out 4-3 (Groundball, 4S)
|
Batting: RHB Rich Ruffin
|
0-0: Ball 1-0: Foul Ball, location: 2F 1-1: Ball 2-1: Swinging Strike 2-2: Ball 3-2: Base on Balls
|
Batting: RHB Dave O'Loan
|
0-0: SINGLE (Groundball, 56) Rich Ruffin to second Rich Ruffin to third
|
Batting: SHB Zach Franks
|
0-0: Called Strike 0-1: Called Strike 0-2: Foul Ball, location: 2F 0-2: Ball 1-2: Strikes out swinging
|
Batting: LHB Taylor Smith
|
0-0: Ball 1-0: Ball 2-0: Foul Ball, location: 2F 2-1: Swinging Strike 2-2: Strikes out looking
|
Top of the 9th over - 0 run(s), 1 hit(s), 0 error(s), 2 left on base; New Orleans 0 - Irvine 3 |
|